 Dungeon Crawl Stone Soup version 0.21-a0-260-g9b2435e (webtiles) character file.

18 tidbits the Insei (level 2, -1/22 HPs)
             Began as a Demigod Transmuter on Sept 7, 2017.
             Slain by a goblin (3 damage)
             ... on level 1 of the Dungeon.
             The game lasted 00:02:54 (451 turns).

tidbits the Insei (Demigod Transmuter)               Turns: 451, Time: 00:02:55

Health: -1/22      AC:  2    Str: 13    XL:     2   Next: 36%
Magic:  5/7        EV: 12    Int: 17    God:
Gold:   63         SH:  0    Dex: 16    Spells: 2/5 levels left

rFire    . . .     SeeInvis .     - Unarmed
rCold    . . .     Gourm    .   (no shield)
rNeg     . . .     Faith    .   b - +0 robe
rPois    .         Spirit   .   (no helmet)
rElec    .         Reflect  .   (no cloak)
rCorr    .         Harm     .   (no gloves)
MR       .....                  (no boots)
Stlth    +.........             (no amulet)
HPRegen  0.07/turn              (no ring)
MPRegen  0.10/turn              (no ring)

@: appendage, very slightly contaminated
A: horns 2, high mp 1
a: End Transformation


You were on level 1 of the Dungeon.
You were not hungry.
You had grown temporary horns.
You visited 1 branch of the dungeon, and saw 2 of its levels.

You collected 63 gold pieces.

Inventory:

Missiles
 a - 12 arrows
 j - 4 tomahawks (quivered)
Armour
 b - a +0 robe (worn)
Jewellery
 m - an uncursed amulet of guardian spirit
   (You found it on level 1 of the Dungeon)
Scrolls
 g - a scroll of remove curse {unknown}
 h - a scroll of immolation {unknown}
 i - a scroll of recharging {unknown}
 k - a scroll of enchant weapon {unknown}
Potions
 e - a potion of lignification {unknown}
 f - a potion of invisibility {unknown}
 l - a potion of flight {unknown}
Books
 c - a book of Changes

   Spells                             Type                      Level
   a - Beastly Appendage              Transmutation                1
   b - Sticks to Snakes               Transmutation                2
   c - Spider Form                    Transmutation/Poison         3
   d - Ice Form                       Ice/Transmutation            4
   e - Blade Hands                    Transmutation                5
Comestibles
 d - 3 bread rations
 n - a chunk of flesh


   Skills:
 - Level 0.8 Fighting
 - Level 1.7 Dodging
 + Level 3.1 Unarmed Combat
 - Level 2.0 Spellcasting
 + Level 2.2 Transmutations


You had 2 spell levels left.
You knew the following spells:

 Your Spells              Type           Power        Failure   Level  Hunger
e - Beastly Appendage     Tmut           #.....       8%          1    #......
k - Sticks to Snakes      Tmut           #.......     12%         2    ###....


Dungeon Overview and Level Annotations

Branches:
Dungeon (2/15)


Innate Abilities, Weirdness & Mutations

You have an increased reservoir of magic. (+10% MP)
You have a pair of horns on your head.


Message History

The frilled lizard hisses angrily.
The frilled lizard misses you.
You closely miss the frilled lizard. The frilled lizard misses you.
You miss the frilled lizard.
Your headbutt misses the frilled lizard.
The frilled lizard barely misses you.
You closely miss the frilled lizard. The frilled lizard closely misses you.
You closely miss the frilled lizard.
The frilled lizard completely misses you.
You hit the frilled lizard.
You kill the frilled lizard!
Your transformation is almost over.
Your magical contamination has completely faded away.
A rat comes into view.
Casting: Beastly Appendage
Confirm with . or Enter, or press ? or * to list all spells.
You extend your transformation's duration.
You barely miss the rat. The rat closely misses you.
You hit the rat. Your headbutt misses the rat.
The rat is moderately wounded.
The rat barely misses you.
You closely miss the rat.
The rat is moderately wounded.
The rat bites you.
You hit the rat but do no damage.
The rat is moderately wounded.
The rat bites you.
You closely miss the rat.
The rat is moderately wounded.
The rat barely misses you.
You hit the rat.
You kill the rat!
You see here a rat corpse.
A hobgoblin comes into view. It is wielding a club.
Your transformation is almost over.
A kobold comes into view.
A bat comes into view.
The kobold shouts!
The kobold throws a stone.
The stone hits you.
You see here a stone.
Your horns disappear.
The bat misses you. The bat barely misses you.
Found 18 bolts.
Casting: Beastly Appendage
Confirm with . or Enter, or press ? or * to list all spells.
Your feet morph into talons.
The bat barely misses you. x2
You hit the bat. Your kick misses the bat.
The bat is severely wounded.
The bat hits you but does no damage. x2
You hit the bat but do no damage.
The bat is severely wounded.
The bat hits you but does no damage. The kobold hits you.
You hit the kobold.
You kill the kobold!
The bat hits you but does no damage. x2
You closely miss the bat.
The bat is severely wounded.
The bat barely misses you.
Your transformation is almost over.
The bat closely misses you.
You closely miss the bat. Your kick misses the bat.
The bat is severely wounded.
The bat hits you but does no damage. The bat barely misses you.
You see here a kobold corpse.
You hit the bat.
You kill the bat!
A hobgoblin comes into view. It is wielding a club.
Your talons disappear.
The hobgoblin shouts!
Casting: Beastly Appendage
Confirm with . or Enter, or press ? or * to list all spells.
You miscast Beastly Appendage.
You are very lightly contaminated with residual magic.
Your skin glows momentarily.
You hit the hobgoblin. Your punch misses the hobgoblin.
The hobgoblin is moderately wounded.
The hobgoblin hits you with a club.
* * * LOW HITPOINT WARNING * * *
You hit the hobgoblin.
The hobgoblin is severely wounded.
The hobgoblin hits you with a club.
* * * LOW HITPOINT WARNING * * *
Casting: Beastly Appendage
Confirm with . or Enter, or press ? or * to list all spells.
You grow a pair of large bovine horns.
The hobgoblin barely misses you.
You barely miss the hobgoblin. Your headbutt misses the hobgoblin.
The hobgoblin is severely wounded.
The hobgoblin hits you with a club.
* * * LOW HITPOINT WARNING * * *
You hit the hobgoblin.
You kill the hobgoblin!
Your transformation is almost over.
A goblin comes into view.
The goblin shouts!
Casting: Beastly Appendage
Confirm with . or Enter, or press ? or * to list all spells.
You extend your transformation's duration.
You closely miss the goblin. The goblin hits you.
You die...

#g#
#.######..###..#####.#
#.
#.....)..............#
#########.#.#..#######
##...#.# ##.##.#
#.##.# #.##.#######
#.##.......#
#@########.# #g#
####.# #.# #....# #.#
#.#### #.# #.# #.# #.#
#.# #.# ## #.# #.# #..
#.#


You could see a goblin.

Vanquished Creatures
  2 goblins (D:1)
  3 hobgoblins (D:1)
  4 jackals (D:1)
  A kobold (D:1)
  3 bats (D:1)
  A frilled lizard (D:1)
  3 rats (D:1)
17 creatures vanquished.

Notes
Turn   | Place    | Note
-------+----------+-------------------------------------------
     0 | D:1      | tidbits the Demigod Transmuter began the quest for the Orb.
     0 | D:1      | Reached XP level 1. HP: 15/15 MP: 5/5
   122 | D:1      | Reached skill level 2 in Spellcasting
   202 | D:1      | Reached skill level 2 in Transmutations
   358 | D:1      | Reached XP level 2. HP: 14/22 MP: 4/7
   359 | D:1      | Reached skill level 3 in Unarmed Combat
   363 | D:1      | Learned a level 2 spell: Sticks to Snakes
   440 | D:1      | HP: 2/22 [hobgoblin/club (3)]
   451 | D:1      | Slain by a goblin

Vault maps used:
D:1:      giann_forest_graveyard
D:2:      kiku_gazebo_garden_becter, elyvilon_altar_1, grunt_dithmenos_smoke,
          uniq_natasha

Skill      XL: |  1  2 |
---------------+-------+-----
Spellcasting   | 2 |  2.0
Transmutations | 2 |  2.2
Unarmed Combat | 3 |  3.1
Fighting       | |  0.8
Dodging        | |  1.7

Action                   || total
-------------------------++-------
Melee: Unarmed           ||    46
       Headbutt          ||     4
       Kick              ||     2
 Cast: Beastly Appendage ||    13
Armor: Robe              ||    13
Dodge: Dodged            ||    25

Table legend:
 A = Spawn XP
 B = Non-spawn XP
 C = Spawn XP percentage of total XP
 D = Spawn monster count
 E = Non-spawn monster count
 F = Spawn count percentage of total count
 G = Total turns spent on level
                    A         B        C        D         E        F      G
               +---------+---------+-------+---------+---------+-------+---------
         Total |       0 |      27 |   0.0 |       0 |      17 |   0.0 |   451
               +---------+---------+-------+---------+---------+-------+---------
           D:1 |       0 |      27 |   0.0 |       0 |      17 |   0.0 |   428
               +---------+---------+-------+---------+---------+-------+---------

Table legend:
 A = Turns spent in this place as a percentage of turns spent in the entire game.
 B = Non-inter-level travel turns spent in this place as a percentage of non-inter-level travel turns spent in the entire game.
 C = Inter-level travel turns spent in this place as a percentage of turns spent in this place.
 D = Turns resting spent in this place as a percentage of non-inter-level travel turns spent in this place.
 E = Turns spent auto-exploring this place as a percentage of non-inter-level travel turns spent in this place.
 F = Non-inter-level travel turns spent in this place divided by the number of levels of this place that you've seen.
                   A       B       C       D       E      F
               +-------+-------+-------+-------+-------+----------------------
         Total | 100.0 | 100.0 |   0.0 |   0.0 |   0.0 | 225.5
       Dungeon | 100.0 | 100.0 |   0.0 |   0.0 |   0.0 | 225.5
               +-------+-------+-------+-------+-------+----------------------

Table legend:
 A = Kills in this place as a percentage of kills in entire the game.
 B = Kills by you in this place as a percentage of kills by you in the entire game.
 C = Kills by friends in this place as a percentage of kills by friends in the entire game.
 D = Other kills in this place as a percentage of other kills in the entire game.
 E = Experience gained in this place as a percentage of experience gained in the entire game.
 F = Experience gained in this place divided by the number of levels of this place that you have seen.
                   A       B       C       D       E      F
               +-------+-------+-------+-------+-------+----------------------
         Total | 100.0 | 100.0 |   N/A |   N/A | 100.0 |  13.5
       Dungeon | 100.0 | 100.0 |   N/A |   N/A | 100.0 |  13.5
               +-------+-------+-------+-------+-------+----------------------

Vault maps used:
D:1:      giann_forest_graveyard
D:2:      kiku_gazebo_garden_becter, elyvilon_altar_1, grunt_dithmenos_smoke,
          uniq_natasha
